Map: Ley Lines

Players

Vaisravana

  • Race: Protoss Protoss
  • Spawn Location: 1:00

A.I. 2 (Very Easy) - Winner!

  • Race: Protoss Protoss
  • Spawn Location: 7:00

VOD

Have the link to the VOD?

Description

Time

  • Played on: Aug. 18, 2025, 6:21 a.m.
  • Length: 12:34
Show
View Real Time Build Order
Export as new Build Order

Vaisravana Protoss 

Build Orders: 1 Gate Expand, Carriers, Proxy Void Ray 

Get SALT Encoding   

  12  0:00  Probe  
  13  0:12  Probe  
  14  0:19  Pylon  
  14  0:24  Probe  
  15  0:35  Probe  
  15  0:42  Gateway  
  16  0:43  Probe  
  16  0:48  Assimilator  
  17  0:52  Probe  
  18  1:04  Probe  
  19  1:16  Probe  
  20  1:25  Nexus  
  20  1:35  Cybernetics Core  
  20  1:39  Probe  
  21  1:42  Assimilator  
  21  1:51  Probe  
  21  1:52  Pylon  
  22  2:01  Stalker  
  22  2:03  Probe  
  23  2:15  Probe  
  26  2:27  Stargate  
  26  2:29  Probe  
  26  2:33  Probe  
  26  2:35  Warp Gate  
  27  2:37  Probe  
  27  2:42  Probe  
  29  2:45  Probe  
  31  2:51  Probe  
  31  2:52  Shield Battery, Pylon  
  31  2:56  Probe  
  33  3:04  Probe  
  34  3:07  Void Ray  
  34  3:08  Probe  
  39  3:16  Probe  
  40  3:20  Probe  
  40  3:22  Shield Battery  
  41  3:28  Probe  
  41  3:33  Probe  
  43  3:39  Assimilator  
  43  3:40  Void Ray  
  43  3:43  Probe  
  43  3:44  Assimilator  
  43  3:45  Probe  
  49  3:55  Pylon, Probe  
  50  3:57  Probe  
  51  4:07  Probe  
  51  4:09  Probe  
  53  4:11  Stargate  
  53  4:14  Void Ray  
  53  4:19  Probe  
  53  4:21  Probe  
  59  4:31  Pylon  
  59  4:33  Pylon  
  59  4:38  Fleet Beacon  
  59  4:43  Forge  
  63  4:53  Void Ray  
  63  4:57  Void Ray  
  67  5:10  Pylon  
  67  5:23  Flux Vanes  
  67  5:30  Void Ray  
  67  5:35  Photon Cannon  
  71  5:36  Photon Cannon  
  71  5:37  Photon Cannon  
  71  5:38  Photon Cannon x2  
  71  5:40  Photon Cannon  
  75  5:53  Void Ray  
  79  6:13  Void Ray  
  79  6:22  Pylon  
  79  6:26  Pylon  
  79  6:46  Void Ray  
  83  6:50  Nexus  
  83  6:51  Pylon  
  87  6:56  Void Ray  
  87  7:01  Protoss Air Weapons Level 1  
  87  7:12  Photon Cannon x2  
  87  7:13  Photon Cannon  
  87  7:15  Shield Battery  
  87  7:19  Pylon  
  87  7:21  Probe x2  
  89  7:29  Void Ray  
  93  7:36  Void Ray  
  97  7:49  Probe x2  
  99  7:54  Photon Cannon  
  99  7:56  Photon Cannon, Carrier  
  99  7:57  Photon Cannon  
  99  8:00  Shield Battery  
  99  8:01  Probe  
  100  8:06  Carrier  
  112  8:21  Stargate  
  112  8:22  Probe x2  
  112  8:23  Probe  
  112  8:25  Photon Cannon  
  115  8:27  Photon Cannon  
  115  9:09  Void Ray  
  119  9:15  Assimilator  
  119  9:16  Assimilator, Void Ray  
  124  9:24  Probe x2  
  125  9:41  Pylon  
  125  9:42  Pylon  
  125  9:44  Pylon  
  125  9:47  Pylon  
  125  9:59  Carrier, Probe x2  
  133  10:00  Probe  
  133  10:01  Carrier  
  133  10:02  Carrier  
  146  10:11  Probe  
  146  10:14  Probe x2  
  149  11:07  Carrier  
  155  11:14  Pylon x2  
  155  11:15  Pylon  
Show
View Real Time Build Order
Export as new Build Order

A.I. 2 (Very Easy) Protoss - Winner!

Build Orders:  

Get SALT Encoding   

  12  0:00  Probe  
  13  0:13  Probe  
  14  0:19  Pylon  
  14  0:36  Assimilator  
  14  0:43  Gateway  
  14  0:46  Pylon  
  14  1:12  Assimilator  
  14  1:18  Probe  
  15  1:26  Probe  
  15  1:32  Cybernetics Core  
  16  1:34  Probe  
  17  1:45  Probe  
  18  1:56  Probe  
  18  1:59  Warp Gate  
  19  2:04  Probe  
  19  2:06  Stalker  
  22  5:34  Zealot  
  24  5:36  Pylon, Probe  
  24  5:38  Robotics Facility  
  25  5:44  Probe  
  26  5:52  Probe  
  27  6:02  Probe  
  27  6:09  Pylon  
  28  6:12  Probe  
  27  6:20  Probe  
  28  6:26  Observer  
  28  6:27  Zealot  
  31  6:44  Observer  
  32  6:50  Nexus  
  32  6:52  Pylon  
  32  7:10  Immortal  
  32  7:13  Pylon  
  36  7:25  Zealot  
  38  7:36  Pylon  
  38  7:53  Zealot  
  39  8:26  Nexus  
  43  8:32  Probe  
  30  8:45  Nexus  
  25  8:52  Robotics Facility  
  25  8:55  Nexus  
  21  9:36  Probe  
  21  9:37  Immortal  
  21  9:42  Gateway  
  21  9:44  Probe  
  27  9:54  Probe  
  28  10:06  Probe  
  29  10:09  Probe  
  30  10:21  Probe  
  30  10:23  Probe  
  32  10:33  Probe  
  32  10:35  Probe  
  33  10:36  Stalker  
  36  10:45  Probe  
  36  10:48  Probe  
  37  10:57  Warp Prism  
  38  10:59  Gateway, Probe  
  38  11:01  Stargate  
  41  11:07  Probe  
  42  11:30  Warp Prism  
  42  11:39  Zealot  
  27  11:53  Gateway  
  27  12:00  Observer  
  27  12:06  Probe  
  27  12:08  Zealot  
  31  12:15  Probe  
  32  12:18  Probe  
  32  12:22  Robotics Bay  
Tags
 
Composition
Carriers
Matchup
PvP
Spawn Locations
Cross Positions
Add a new tag
Caveats
  • Supply blocks, unpowered buildings, or Contaminate may cause inaccurate times.
  • Supply counts are checked every 10 seconds.